cohdb
Replays
Latest Replays
All Replays
Popular Replays
Top Player Replays
Match Explorer
How It Works
Community
CoH3 Stats
Reddit
Sign in to upload your games and track your stats! →
Sign in with Steam
Match 38341251
Unlisted
Match 38341251
Overview
Messages
Build Orders
End
Construct Barracks
Selects Armored Battlegroup
Selects Veteran Crews
1⁄4-ton 4x4 Truck
Riflemen Squad
Riflemen Squad
Riflemen Squad
Grenade Package
Infantry Support Center
Construct Motor Pool
Selects Fast Deploy
M8 Greyhound Armored Car
Construct Medical Station
Selects Field Repairs
Field Repairs
M1918 Browning Automatic Rifles
Engineer Squad
Selects War Machine
Construct Tank Depot
Selects Seek and Destroy
Selects UNKNOWN (2160077)
M4A3E8 Sherman Easy Eight
Munitions Surplus
Demolitions Package
M1 Anti-tank Gun Team
M4A3E8 Sherman Easy Eight
Field Repairs
M4A3E8 Sherman Easy Eight
M1 Anti-tank Gun Team
M1 Anti-tank Gun Team
M4A3E8 Sherman Easy Eight
M4A3E8 Sherman Easy Eight
Riflemen Squad
M18 Hellcat Tank Destroyer
M4A3E8 Sherman Easy Eight
Engineer Squad
M1 Anti-tank Gun Team
PlammX
Cpt Darling
Alfonso
KevinTDW
0
0
Comments
sign in to comment!
No comments posted yet!